Description

zxc

VOD

https://www.youtube.com/watch?v=joMDyi9sNPw

Replay - Top 10 Protoss Cheeses PvP Proxy Stargate 4 Gate Game 9

Build Order

Get SALT Encoding   

  12  0:01  Probe  
  13  0:13  Probe  
  14  0:18  Pylon  
  14  0:25  Probe  
  15  0:33  Probe  
  15  0:40  Gateway  
  15  0:41  Probe  
  16  0:47  Assimilator  
  17  0:52  Assimilator  
  17  0:56  Probe  
  18  1:05  Probe  
  19  1:12  Gateway  
  19  1:13  Probe  
  20  1:27  Cybernetics Core  
  20  1:32  Probe  
  21  1:41  Pylon  
  21  1:45  Probe  
  23  2:06  Sentry, Stalker  
  27  2:14  Stargate  
  27  2:20  Warp Gate  
  29  2:30  Pylon  
  29  2:48  Stalker  
  29  2:49  Oracle  
  33  3:04  Pylon  
  34  3:05  Stalker  
  36  3:15  Gateway  
  36  3:21  Gateway  
  36  3:25  Oracle  
  39  3:47  Pylon  
  36  3:51  Shield Battery  
  36  4:08  Stalker x2  
  40  4:15  Stalker  
  42  4:25  Stalker  
  44  4:32  Stalker  
Spawning Tool Build Advisor. Get it on Overwolf

Analysis

zxc

Go to:

Details

  • Created by: Pose1don
  • Published on: Oct 14, 2019
  • Modified on: Oct 14, 2019
  • Patch: 4.7.1
Show
View Real Time Build Order
Export as new Build Order

Comments (0)

There are no comments. Be the first!

Create an account to comment!